 Dungeon Crawl Stone Soup version 0.24.1-4-ge52af88ad5 (webtiles) character file.

Game seed: 16277150223320715200, levelgen mode: deterministic

35 Descartes the Ducker (level 3, -3/17 HPs)
             Began as a Felid Monk on Apr 12, 2020.
             Killed from afar by Natasha (10 damage)
             ... with a magic dart
             ... on level 2 of the Dungeon.
             The game lasted 00:03:23 (1806 turns).

Descartes the Ducker (Felid Monk)                   Turns: 1806, Time: 00:03:24

Health: -3/17      AC:  1    Str:  8    XL:     3   Next: 17%
Magic:  4/4        EV: 20    Int: 11    God:
Gold:   28         SH:  0    Dex: 18    Spells: 2/2 levels left
                                        Lives:  0   Deaths: 1

rFire    . . .     SeeInvis +     - Unarmed
rCold    . . .     Gourm    .   (shield unavailable)
rNeg     . . .     Faith    .   (armour unavailable)
rPois    .         Spirit   .   (helmet unavailable)
rElec    .         Reflect  .   (cloak unavailable)
rCorr    .         Harm     .   (gloves unavailable)
MR       .....                  (boots unavailable)
Stlth    +++.......             (no amulet)
HPRegen  0.05/turn              (no ring)
MPRegen  0.09/turn              (no ring)

@: quick
A: very small, no armour, no weapons or thrown items, stealth, claws 1, fangs 3,
see invisible, carnivore, speed 1, shaggy fur 1, slow metabolism 1, sharp paws
a: no special abilities


You were on level 2 of the Dungeon.
You were not hungry.

You visited 1 branch of the dungeon, and saw 2 of its levels.

You collected 28 gold pieces.

Inventory:

Scrolls
 c - 2 scrolls of identify {unknown}
 d - a scroll of remove curse {unknown}
 f - a scroll of enchant armour {unknown}
 j - 2 scrolls of magic mapping {unknown}
Potions
 e - a potion of might
Comestibles
 a - 4 rations


   Skills:
 + Level 3.4 Fighting
 + Level 4.7 Dodging
 + Level 3.6 Stealth
 * Level 3.9 Unarmed Combat


You had 2 spell levels left.
You didn't know any spells.
Your spell library was empty.

Dungeon Overview and Level Annotations

Branches:
Dungeon (2/15)

Altars:

Annotations:
D:2 Natasha


Innate Abilities, Weirdness & Mutations

You cannot wear armour.
You are incapable of wielding weapons or throwing items.
Your paws allow you to move quietly. (Stealth)
You have sharp claws.
You have razor-sharp teeth.
You have supernaturally acute eyesight. (SInv)
You are carnivorous and can eat meat at any time.
You cover ground quickly.
You are covered in fur. (AC +1)
You have a slow metabolism.
Your sharp claws are effective at attacking unaware monsters.


Message History

Ouch! That really hurt!
You are too injured to fight recklessly!
You scratch Natasha.
Natasha is moderately wounded.
Natasha completely misses you.
You closely miss Natasha.
Natasha is moderately wounded.
Natasha misses you.
You scratch Natasha but do no damage.
Natasha is moderately wounded.
Natasha closely misses you.
You miss Natasha.
Natasha is moderately wounded.
Natasha closely misses you.
You barely miss Natasha.
Natasha is moderately wounded.
Natasha stares at you and mumbles some strange words.
The magic dart hits you!
Ouch! That really hurt!
You die...

####### #############.....#
#.h......†....###.####
#.####...###..# #.....
#.####...#....###.....
#.##.......#.......##.
#.##.#...###.#####.##.
#............# #.#.. #...#
#....@h#.##### #.#.#
#...##########..###.####### #.#.#
#.....)..##...#...#.......# #....
#...####÷#...###..#.......#####.#
............#.###.#.......#......
...........#...###........#.###..
............#.###.........#.###..
...†.....#..h###..#.......#.#....
.....#####..#.#...#.......#.#.##.


You could see Natasha.

Vanquished Creatures
  Natasha (D:2)
  2 adders (D:2)
  An ooze (D:1)
  2 dart slugs (D:2)
  A leopard gecko (D:1)
  2 goblins (D:1)
  6 hobgoblins (D:1)
  4 jackals (D:1)
  2 bats (D:1)
  2 frilled lizards (D:1)
  4 kobolds
  A rat (D:1)
28 creatures vanquished.

Notes
Turn   | Place    | Note
-------+----------+-------------------------------------------
     0 | D:1      | Descartes the Felid Monk began the quest for the Orb.
     0 | D:1      | Reached XP level 1. HP: 10/10 MP: 2/2
   273 | D:1      | Reached XP level 2. HP: 14/14 MP: 3/3
   841 | D:1      | Reached XP level 3. HP: 17/17 MP: 4/4
  1662 | D:2      | Noticed Natasha
  1671 | D:2      | Killed Natasha
  1671 | D:2      | Reached XP level 4. HP: 5/21 MP: 5/5
  1749 | D:2      | Noticed Natasha
  1786 | D:2      | Killed from afar by Natasha
  1787 | D:2      | Reached XP level 3. HP: -1/17 MP: 4/4
  1806 | D:2      | Killed from afar by Natasha

Levels and vault maps discovered:
D:1:      roderic_dead_forest, layout_rooms
D:2:      layout_loops_cross, first_ration, kennysheep_generic_room_8,
          uniq_natasha

Skill      XL: |  1  2 |
---------------+-------+-----
Stealth        | 3 |  3.6
Fighting       | |  3.4
Dodging        | |  4.7
Unarmed Combat | |  3.9

Action                   |  1- 3 |  4- 6 || total
-------------------------+-------+-------++-------
Melee: Unarmed           |   102 |       ||   102
       Bite              |    10 |       ||    10
       Punch             |     1 |       ||     1
  Use: Potion            |     4 |       ||     4
 Stab: Sleeping          |     5 |       ||     5
  Eat: Chunk             |    10 |       ||    10
Armor: Skin              |     1 |       ||     1
Dodge: Dodged            |    77 |       ||    77
